 Dungeon Crawl Stone Soup version 0.17-a0-1373-g64d4c99 (webtiles) character file.

2630 onwiheg the Destroyer (level 9, -1/45 HPs)
             Began as a Tengu Air Elementalist on June 8, 2015.
             Was an Elder of Sif Muna.
             Slain by a spriggan baker
             ... wielding a +0 dagger
              (5 damage)
             ... on level 7 of the Dungeon on June 14, 2015.
             The game lasted 00:40:13 (8319 turns).

onwiheg the Destroyer (Tengu Air Elementalist)      Turns: 8319, Time: 00:40:13

Health: -1/45      AC: 10    Str:  8    XL:     9   Next: 61%
Magic:  0/13       EV: 12    Int: 19    God:    Sif Muna [****..]
Gold:   341        SH:  0    Dex: 15    Spells: 3 memorised, 4 levels left

rFire  . . .     SeeInvis .     p - +4 dagger (protect)
rCold  . . .     Clarity  .     a - +0 robe
rNeg   . . .     SustAt   .     (no shield)
rPois  .         Gourm    .     (helmet restricted)
rElec  .         Spirit   .     (no cloak)
rCorr  .         Warding  .     s - +2 pair of gloves
rMut   .         Stasis   .     (boots unavailable)
MR     .....                    (no amulet)
Stlth  ++........               (no ring)
                                G - ring of flight

@: very slightly contaminated, not resistant to hostile enchantments, unstealthy
A: beak, talons 3, able to fly 1
a: Fly, Channel Energy, Forget Spell, Renounce Religion, Evoke Flight


You were on level 7 of the Dungeon.
You worshipped Sif Muna.
Sif Muna was greatly pleased with you.
You were very hungry.

You visited 1 branch of the dungeon, and saw 7 of its levels.
You also visited: Ossuary.

You collected 341 gold pieces.

Inventory:

Hand weapons
 p - a +4 dagger of protection (weapon)
Missiles
 l - 5 javelins (quivered)
 y - 12 poisoned needles
Armour
 a - a +0 robe (worn)
 s - a +2 pair of gloves (worn)
Jewellery
 G - a ring of flight (left hand)
Magical devices
 A - a wand of digging (14)
Scrolls
 d - a scroll of enchant armour {unknown}
 f - a scroll of immolation {unknown}
 g - a scroll of magic mapping
 m - 2 scrolls of remove curse
 n - a scroll of recharging {unknown}
 q - 7 scrolls of teleportation
 x - a scroll of blinking
 E - a scroll of noise {unknown}
 H - 2 scrolls of holy word
Potions
 e - a potion of agility {unknown}
 h - a potion of brilliance {unknown}
 j - a potion of degeneration {unknown}
 k - 7 potions of curing
 o - 5 potions of cure mutation
 t - a potion of lignification {unknown}
 w - 2 potions of heal wounds
 C - a potion of resistance {unknown}
 D - a potion of ambrosia
 F - 4 potions of haste
Books
 b - a book of Air

   Spells                             Type                      Level
   a - Shock                          Conjuration/Air              1
   b - Swiftness                      Charms/Air                   2
   c - Repel Missiles                 Charms/Air                   2
   d - Static Discharge               Conjuration/Air              3
   e - Lightning Bolt                 Conjuration/Air              5
 u - a book of Debilitation

   Spells                             Type                      Level
   a - Corona                         Hexes                        1
   b - Slow                           Hexes                        2
   c - Gell's Gravitas                Hexes/Translocation          3
   d - Inner Flame                    Hexes/Fire                   3
   e - Cause Fear                     Hexes                        4
   f - Leda's Liquefaction            Hexes/Earth                  4
Comestibles
 c - 4 bread rations
 i - 3 chunks of flesh
 r - 2 meat rations
 z - a beef jerky
 B - a royal jelly


   Skills:
 - Level 2.1 Dodging
 - Level 2.0 Stealth
 - Level 2.0 Spellcasting
 - Level 12.2 Conjurations
 + Level 11.5 Air Magic


You had 4 spell levels left.
You knew the following spells:

 Your Spells              Type           Power        Failure   Level  Hunger
a - Shock                 Conj/Air       ####         1%          1    #......
b - Swiftness             Chrm/Air       ###.....     2%          2    ###....
c - Lightning Bolt        Conj/Air       #####.....   4%          5    ######.


Dungeon Overview and Level Annotations

Branches:
Dungeon (7/15)             Temple (0/1) D:7

Altars:
Makhleb
Sif Muna

Annotations:
D:4 Menkaure


Innate Abilities, Weirdness & Mutations

You have a beak for a mouth.
You have claws for feet.
You can fly.


Message History

You channel some magical energy.
You feel somewhat more hungry.
The spriggan baker hits you but does no damage.
Casting: Lightning Bolt
Confirm with . or Enter, or press ? or * to list all spells.
Aiming: Lightning Bolt
Press: ? - help, Shift-Dir - straight line, f/p - spriggan baker
Aim: a spriggan baker, wielding a dagger and wearing a robe (heavily wounded)
You miscast Lightning Bolt.
You are very lightly contaminated with residual magic.
There is a short, sharp shower of sparks.
You are feeling very hungry.
The spriggan baker hits you with a dagger!
* * * LOW HITPOINT WARNING * * *
Use which ability? (? or * to list)
You fail to use your ability.
The spriggan baker hits you with a dagger.
* * * LOW HITPOINT WARNING * * *
The spriggan baker hits you but does no damage.
The spriggan baker hits you with a dagger.
You die...

#.# ..# #..#.. #.# ..#
#..#>.
########.#####.#####.....
#.....)......(........... #
#.#####....###.#####..#.#
#.#.# #..#.# #.# ###.#.#
#.#.#####..#.###'####......
#..........................
###.#####.@##.....#######.#
#.# #.i##.....# #.# #.#
#..##.....# #.# #.#
#........## # #.#
##.#####.# #.######.# #.#
#........# #.# ########.#
## #.#


You could see a spriggan baker.

Vanquished Creatures
  Pikel (D:6)
  The ghost of Protee the Chiller, an experienced DsIE of Cheibriados (D:6)
  3 sky beasts
  2 slaves (D:6)
  3 ogres
  A phantom (D:5)
  2 giant frogs
  2 scorpions
  3 wights (D:6)
  The ghost of asdu the Chopper, a weakling DDWr (D:4)
  A crimson imp (D:5)
  An orc priest (D:3)
  3 jellies
  2 giant frog skeletons
  A hound (D:7)
  3 orc wizards
  2 iguanas
  8 worker ants
  A big kobold zombie (Ossuary)
  A hound zombie (D:5)
  4 mummies (Ossuary)
  2 worker ant zombies
  Robin (D:3)
  7 adders
  6 gnolls
  An ooze (D:3)
  An adder skeleton (D:6)
  5 worms
  14 orcs
  2 bat skeletons (D:4)
  4 giant cockroaches
  18 hobgoblins
  8 jackals (D:5)
  3 quokkas
  2 ball pythons (D:3)
  9 bats
  3 giant geckos
  5 giant newts
  17 goblins
  13 kobolds
  A quokka zombie (D:7)
  16 rats
184 creatures vanquished.

Vanquished Creatures (others)
  2 slaves (D:6)
2 creatures vanquished.

Grand Total: 186 creatures vanquished

Notes
Turn   | Place    | Note
--------------------------------------------------------------
     0 | D:1      | onwiheg the Tengu Air Elementalist began the quest for the Orb.
     0 | D:1      | Reached XP level 1. HP: 10/10 MP: 4/4
   423 | D:1      | Reached XP level 2. HP: 15/15 MP: 4/6
   892 | D:2      | Reached skill level 5 in Air Magic
   985 | D:2      | Reached XP level 3. HP: 7/19 MP: 0/7
  1748 | D:2      | Reached skill level 6 in Air Magic
  2056 | D:3      | Reached XP level 4. HP: 24/24 MP: 6/8
  2193 | D:3      | Learned a level 2 spell: Swiftness
  2375 | D:3      | Reached skill level 7 in Air Magic
  2400 | D:3      | Gained mutation: You can fly. [Tengu growth]
  2400 | D:3      | Reached XP level 5. HP: 25/28 MP: 1/9
  2899 | D:3      | Found a deep blue altar of Sif Muna.
  2905 | D:3      | Became a worshipper of Sif Muna the Loreminder
  2987 | D:3      | Reached skill level 8 in Air Magic
  3061 | D:3      | Noticed Robin
  3074 | D:3      | Killed Robin
  3313 | D:3      | Reached XP level 6. HP: 27/32 MP: 6/10
  3653 | D:4      | Noticed asdu's ghost (weakling DDWr)
  3664 | D:4      | Killed asdu's ghost
  3929 | D:4      | Noticed Menkaure
  3957 | D:4      | Reached skill level 5 in Conjurations
  4206 | D:4      | Reached XP level 7. HP: 36/36 MP: 4/11
  4220 | D:4      | Found a burning altar of Makhleb.
  4521 | D:4      | Acquired Sif Muna's first power
  4783 | D:5      | Entered Level 5 of the Dungeon
  5021 | D:5      | Learned a level 5 spell: Lightning Bolt
  5787 | D:5      | Reached skill level 9 in Conjurations
  5787 | D:5      | Reached XP level 8. HP: 37/41 MP: 7/12
  6122 | D:6      | Acquired Sif Muna's second power
  6132 | D:6      | Noticed Pikel
  6150 | D:6      | Killed Pikel
  6150 | D:6      | Reached skill level 10 in Air Magic
  6190 | D:6      | Reached skill level 11 in Air Magic
  6330 | D:6      | Noticed Protee's ghost (experienced DsIE)
  6335 | D:6      | Reached XP level 9. HP: 39/45 MP: 0/13
  6445 | D:6      | Reached skill level 10 in Conjurations
  6543 | D:6      | Killed Protee's ghost
  7481 | D:7      | Acquired Sif Muna's third power
  7525 | D:7      | Reached skill level 12 in Conjurations
  7604 | D:7      | Found a sand-covered staircase.
  7648 | Ossuary  | Entered an ossuary
  7649 | Ossuary  | Upgraded the game from 0.17-a0-1311-gbcbd859 to 0.17-a0-1373-g64d4c99
  8237 | D:7      | Found a staircase to the Ecumenical Temple.
  8319 | D:7      | Slain by a spriggan baker

Vault maps used:
D:1:      elethiomel_arrival_fortress_basement
D:2:      grunt_decor_cap, nrook_loot_triangle
D:3:      led_sif_pool, st_stairs_5, uniq_robin
D:4:      overflow_temple_1_default, first_bread, hex_large, uniq_menkaure
D:5:      minivault_11
D:6:      uniq_pikel
D:7:      enter_ossuary_4, the_bakery, grunt_ministairs_10
Ossuary:  ossuary_the_hunt_dpeg

Action                   |  1- 3 |  4- 6 |  7- 9 || total
-------------------------+-------+-------+-------++-------
Melee: Unarmed           |     4 |       |       ||     4
       Dagger            |    24 |    45 |    89 ||   158
 Cast: Shock             |    64 |   101 |   197 ||   362
       Lightning Bolt    |       |       |    13 ||    13
       Swiftness         |       |       |     1 ||     1
Invok: Channel Energy    |       |       |     1 ||     1
Evoke: Wand              |       |     1 |     2 ||     3
  Use: Scroll            |       |       |    10 ||    10
 Stab: Sleeping          |     1 |     1 |     2 ||     4
       Distracted        |       |     1 |     1 ||     2
  Eat: Chunk             |     5 |     7 |    17 ||    29
       Pizza             |       |       |     1 ||     1
       Beef jerky        |       |       |     1 ||     1
